 Seeded DCSS version 0.29.0-11-gd7f09526c8 (webtiles) character file.

Game seed: 3121381558354691732 (custom seed)

3486 purpskrrrp the Skirmisher (level 9, -1/67 HPs)
             Began as a Demigod Hunter on Sept 7, 2022.
             Slain by Grum
             ... wielding a -2 glaive
              (9 damage)
             ... on level 8 of the Dungeon.
             The game lasted 00:09:10 (6512 turns).

purpskrrrp the Skirmisher (Demigod Hunter)          Turns: 6512, Time: 00:09:12

Health: -1/67      AC: 10    Str: 30    XL:     9   Next: 50%
Magic:  11/11      EV: 11    Int: 11    God:
Gold:   498        SH:  5    Dex: 17    Spells: 8/8 levels left

rFire   . . .      SeeInvis +   h - +7 mace of Variability {chain chaos}
rCold   + . .      Faith    .   (shield currently unavailable)
rNeg    . . .      Spirit   .   L - +1 ring mail {rC+}
rPois   .          Reflect  +   C - +0 helmet
rElec   .          Harm     .   (no cloak)
rCorr   .          Rampage  .   e - +2 pair of gloves of Zin's Brutal Revenge {+Inv Fly Slay+3}
Will    .....                   (no boots)
Stlth   +.........              p - amulet of reflection
HPRegen 0.21/turn               f - +6 ring of strength
MPRegen 0.12/turn               o - ring of see invisible

@: flying, studying Maces & Flails
A: high MP 1, forlorn, divine attributes
a: Evoke Invisibility


You were on level 8 of the Dungeon.
You visited 2 branches of the dungeon, and saw 9 of its levels.

You collected 498 gold pieces.

Inventory:

Hand Weapons
 a - a +0 shortbow
 h - the +7 mace of Variability (weapon) {chain chaos}
   (You acquired it on level 1 of the Dungeon)

   Each time it hits an enemy it has a different, random effect.
   It occasionally unleashes arcs of chaos on nearby creatures upon striking a
   foe.
Missiles
 g - 5 throwing nets
Armour
 c - a +0 leather armour
 e - the +2 pair of gloves of Zin's Brutal Revenge (worn) {+Inv Fly Slay+3}
   (You acquired it on level 1 of the Dungeon)

   Slay:      It affects your accuracy & damage with ranged weapons and melee
   (+3).
   +Inv:      It lets you turn invisible.
   Fly:       It grants you flight.
 C - a +0 helmet (worn)
 L - a +1 ring mail of cold resistance (worn)
Jewellery
 f - a +6 ring of strength (left hand)
 o - a ring of see invisible (right hand)
 p - an amulet of reflection (around neck)
 r - a ring of positive energy
 N - an amulet of the acrobat
 O - a ring of ice
 P - a ring of magical power
 S - a ring of protection from cold
 T - an amulet of regeneration
Wands
 I - a wand of flame (8)
 R - a wand of light (13)
Scrolls
 b - 2 scrolls of immolation
 d - 5 scrolls of teleportation {unknown}
 i - 2 scrolls of magic mapping
 j - 2 scrolls of enchant weapon {unknown}
 l - 6 scrolls of amnesia {unknown}
 m - a scroll of poison {unknown}
 s - 2 scrolls of fear {unknown}
 v - 3 scrolls of noise {unknown}
 y - 9 scrolls of identify
 B - a scroll of vulnerability {unknown}
 D - 2 scrolls of butterflies {unknown}
 G - a scroll of enchant armour {unknown}
 K - a scroll of brand weapon {unknown}
 M - a scroll of torment {unknown}
Potions
 k - 2 potions of magic
 n - a potion of invisibility {unknown}
 q - 2 potions of heal wounds {unknown}
 t - a potion of flight {unknown}
 u - 2 potions of brilliance {unknown}
 w - 2 potions of curing {unknown}
 x - a potion of cancellation {unknown}
 z - a potion of attraction {unknown}
 A - a potion of ambrosia {unknown}
 E - 2 potions of berserk rage {unknown}
 F - a potion of lignification {unknown}
 H - 2 potions of degeneration {unknown}
 J - a potion of haste
 Q - a potion of might {unknown}


   Skills:
 - Level 1.8 Fighting
 + Level 10.3 Maces & Flails
 * Level 11.2 Ranged Weapons
 - Level 1.8 Dodging
 - Level 0.9 Stealth


You had 8 spell levels left.
You didn't know any spells.
Your spell library contained the following spells:

 Spells                   Type           Power      Damage    Failure   Level
 Sting                    Tmut/Pois      0%         1d3       45%         1
 Ensorcelled Hibernation  Hex/Ice        0%         N/A       61%         2
 Passwall                 Tmut/Erth      0%         N/A       61%         2
 Poisonous Vapours        Pois/Air       0%         N/A       61%         2
 Sublimation of Blood     Necr           0%         N/A       61%         2
 Gell's Gravitas          Tloc           0%         N/A       83%         3
 Portal Projectile        Hex/Tloc       0%         N/A       83%         3
 Swiftness                Air            0%         N/A       83%         3
 Teleport Other           Tloc           0%         N/A       83%         3
 Tukima's Dance           Hex            0%         N/A       83%         3
 Animate Dead             Necr           0%         N/A       99%         4
 Olgreb's Toxic Radiance  Pois           0%         N/A       99%         4
 Petrify                  Tmut/Erth      0%         N/A       99%         4
 Blade Hands              Tmut           0%         N/A       100%        5
 Borgnjor's Vile Clutch   Necr/Erth      0%         N/A       100%        5
 Irradiate                Conj/Tmut      0%         3d11      100%        5
 Death Channel            Necr           0%         N/A       100%        6
 Dispersal                Tloc           0%         N/A       100%        6


Dungeon Overview and Level Annotations

Branches:
Dungeon (8/15)             Temple (1/1) D:6
   Lair: D:8-11

Shops:
D:3 *

Annotations:
D:8 2 transporters, 1 runed translucent door, Grum; apoch's ghost, novice MiFi


Innate Abilities, Weirdness & Mutations

You have an increased reservoir of magic. (+10% MP)
You shall have no god before yourself.
Your divine heritage dramatically boosts your attributes as you level up.


Message History

You are too injured to fight recklessly!
You are too injured to fight recklessly!
You are too injured to fight recklessly!
You are too injured to fight recklessly!
You are too injured to fight recklessly!
You are too injured to fight recklessly!
You are too injured to fight recklessly!
You are too injured to fight recklessly!
You are too injured to fight recklessly!
You are too injured to fight recklessly!
You are too injured to fight recklessly!
You are too injured to fight recklessly!
You are too injured to fight recklessly!
You are too injured to fight recklessly!
You are too injured to fight recklessly!
You are too injured to fight recklessly!
You are too injured to fight recklessly!
There are monsters nearby!
Unknown command.
You are too injured to fight recklessly!
You are too injured to fight recklessly!
You are too injured to fight recklessly!
You barely miss the wolf. The wolf bites you. The wolf closely misses you.
Grum closely misses you. You block the wolf's attack. The wolf misses you.
You beat the wolf like a drum!!!
You freeze the wolf.
You kill the wolf!
The wolf closely misses you.
Grum hits you from afar with a -2 glaive!
* * * LOW HITPOINT WARNING * * *
The wolf closely misses you. The wolf barely misses you.
You block Grum's attack. You block the wolf's attack.
You see here a wolf corpse.
You barely miss the wolf. The wolf bites you but does no damage.
Grum hits you from afar with a -2 glaive!
* * * LOW HITPOINT WARNING * * *
The wolf bites you but does no damage.
Grum sniffs the air and quickly glances around.
Grum hits you from afar with a -2 glaive!
You die...

.......# #...........
.......########..#####....
.. #.......###...###.. ..
#........##._.# .. .
#........# ...# #.......†#
### #........#######.
#.........†g.....
#........@h.....!
#.............$..
................
################


You could see Grum and a wolf.

Vanquished Creatures
  Pikel (D:6)
  Sigmund (D:4)
  A shadow (D:8)
  A steam dragon (D:8)
  An acid dragon (D:7)
  An orc warrior (D:7)
  A water moccasin (D:7)
  An ice beast (D:7)
  A sky beast (D:7)
  4 ogres
  3 wolves (D:8)
  2 centaurs
  A phantom (D:6)
  Blork the orc (D:6)
  2 bullfrogs
  3 necrophages
  3 scorpions
  A jelly (D:5)
  3 hounds
  3 orc priests
  A gnoll bouda (D:4)
  Ijyb (D:5)
  3 iguanas
  5 orc wizards
  Robin (D:4)
  7 gnolls (D:4)
  6 adders
  A white imp (D:6)
  An ufetubus (D:5)
  6 worms
  A dart slug (D:3)
  21 orcs
  7 bats
  6 endoplasms
  4 giant cockroaches
  17 goblins
  10 hobgoblins
  10 jackals
  3 kobolds (D:4)
  A quokka (D:4)
  3 ball pythons
  3 frilled lizards
  An orc zombie (D:8)
  5 rats
159 creatures vanquished.

Vanquished Creatures (others)
  An orc zombie (D:6)
  A fungus (D:1)
  2 plants (D:1)
4 creatures vanquished.

Grand Total: 163 creatures vanquished

Notes
Turn   | Place    | Note
-------+----------+-------------------------------------------
     0 | D:1      | purpskrrrp the Demigod Hunter began the quest for the Orb.
     0 | D:1      | Reached XP level 1. HP: 17/17 MP: 3/3
   162 | D:1      | Got Plato's Secrets of Vitiation
   228 | D:1      | Identified 3 scrolls of acquirement
   228 | D:1      | Acquired the +7 mace of Variability {chain chaos}
   228 | D:1      | Found the +7 mace of Variability {chain chaos}
   230 | D:1      | Acquired the +2 pair of gloves of Zin's Brutal Revenge
                  | {+Inv Fly Slay+3}
   231 | D:1      | Acquired a manual of Maces & Flails
   404 | D:1      | Reached skill level 4 in Ranged Weapons
   408 | D:1      | Reached XP level 2. HP: 15/24 MP: 4/4
   865 | D:2      | Reached skill level 1 in Maces & Flails
  1176 | D:2      | Reached XP level 3. HP: 25/29 MP: 5/5
  1853 | D:3      | Noticed an ogre
  1858 | D:3      | Killed an ogre
  1859 | D:3      | Reached skill level 5 in Ranged Weapons
  1859 | D:3      | Reached XP level 4. HP: 32/36 MP: 6/6
  1867 | D:3      | Reached XP level 5. HP: 36/41 MP: 7/7
  1950 | D:3      | Found Isonomam's Assorted Antiques.
  2525 | D:4      | Noticed Sigmund
  2532 | D:4      | Killed Sigmund
  2533 | D:4      | Reached skill level 6 in Ranged Weapons
  2533 | D:4      | Reached XP level 6. HP: 48/48 MP: 8/8
  2780 | D:4      | Reached skill level 5 in Maces & Flails
  3043 | D:4      | Reached skill level 7 in Ranged Weapons
  3043 | D:4      | Reached XP level 7. HP: 51/53 MP: 9/9
  3191 | D:4      | Noticed Robin
  3209 | D:4      | Killed Robin
  3669 | D:5      | Entered Level 5 of the Dungeon
  3827 | D:5      | Reached skill level 8 in Ranged Weapons
  4082 | D:5      | Reached XP level 8. HP: 61/61 MP: 10/10
  4260 | D:5      | Noticed Ijyb
  4264 | D:5      | Killed Ijyb
  4520 | D:6      | Noticed Blork the orc
  4528 | D:6      | Killed Blork the orc
  4599 | D:6      | Found a staircase to the Ecumenical Temple.
  4832 | D:6      | Reached skill level 9 in Ranged Weapons
  4972 | D:6      | Noticed Pikel
  4976 | D:6      | Killed Pikel
  5212 | Temple   | Entered the Ecumenical Temple
  5449 | D:7      | Reached skill level 10 in Ranged Weapons
  5557 | D:7      | Reached XP level 9. HP: 45/67 MP: 11/11
  6248 | D:8      | Found a transporter.
  6249 | D:8      | Found a transporter.
  6249 | D:8      | Noticed a moth of wrath
  6253 | D:8      | Noticed a two-headed ogre
  6271 | D:8      | Noticed apoch's ghost (novice MiFi)
  6374 | D:8      | Reached skill level 10 in Maces & Flails
  6378 | D:8      | Reached skill level 11 in Ranged Weapons
  6455 | D:8      | Found a runed translucent door.
  6503 | D:8      | Noticed Grum
  6512 | D:8      | Slain by Grum

Illustrated notes

Levels and vault maps discovered:
D:1:      minmay_arrival_glassed_features, layout_loops_ring,
          shapermc_ecumenical_altar_rom_forum, nicolae_kite_square_tiling_tiny
D:2:      layout_basic, basic_altar
D:3:      layout_rooms, serial_shops, nicolae_shop_hallway_stairs
D:4:      layout_basic, okawaru_altar_gauntlet_db, dreamdust_gnoll_farm,
          uniq_sigmund, uniq_robin
D:5:      layout_loops_ring, nicolae_sextant, uniq_ijyb
D:6:      layout_basic, minmay_temple_entry_junction, uniq_pikel,
          uniq_blork_the_orc
D:7:      layout_cave_pools, overflow_temple_1_default
D:8:      due_megacathedral, layout_gridville, nicolae_ru_sacrificial_ziggurat,
          overflow_temple_1_default, dk_yredelemnul_ordeal,
          gammafunk_ghost_wrathful_warriors, uniq_grum
Temple:   minmay_temple_bridge_d

Skill      XL: |  1  2  3  4  5  6  7  8  9 |
---------------+----------------------------+-----
Ranged Weapons | 4 5 6 7 8 10 11 | 11.2
Maces & Flails | 1 3 4 5 7 9 10 | 10.3
Fighting       | |  1.8
Dodging        | |  1.8
Stealth        | |  0.9

Action                   |  1- 3 |  4- 6 |  7- 9 || total
-------------------------+-------+-------+-------++-------
Melee: Great mace        |    62 |    60 |   158 ||   280
 Fire: Shortbow          |    17 |       |       ||    17
  Use: Scroll            |     5 |       |       ||     5
 Stab: Sleeping          |     3 |     1 |     2 ||     6
Armor: Leather armour    |    40 |    20 |    30 ||    90
       Ring mail         |       |       |    47 ||    47
Dodge: Dodged            |    54 |    51 |   127 ||   232
Block: Other             |    16 |    13 |    60 ||    89
